 Dungeon Crawl Stone Soup version 0.31.0-12-g77e489cdc1 (webtiles) character file.

Game seed: 6527381678843601098

2401 chippings the Vexing (level 9, 0/67 HPs)
             Began as a Grey Draconian Hexslinger on Mar 7, 2024.
             Slain by a killer bee (4 damage)
             ... on level 8 of the Dungeon.
             The game lasted 00:15:38 (6032 turns).

chippings the Vexing (Grey Draconian Hexslinger)    Turns: 6032, Time: 00:15:38

Health: 0/67       AC: 14    Str: 12    XL:     9   Next: 23%
Magic:  13/17      EV: 12    Int: 17    God:
Gold:   272        SH:  0    Dex: 19    Spells: 3/19 levels left

rFire   . . .        a - +1 sling
rCold   + . .        (no shield)
rNeg    . . .        (body armour unavailable)
rPois   .            (helmet restricted)
rElec   .            w - +0 cloak
rCorr   .            v - +0 pair of gloves
SInv    .            (no boots)
Will    +....        (no amulet)
Stlth   ++           c - ring of protection from cold
HPRegen 0.31/turn    C - +6 ring of dexterity
MPRegen 0.15/turn

%: no passive effects
@: brilliant, lethally poisoned (0 -> -4), enlightened, flying
A: AC +12, amphibious, unfitting armour, cold-blooded
a: no special abilities


You were on level 8 of the Dungeon.
You visited 1 branch of the dungeon, and saw 8 of its levels.

You collected 370 gold pieces.
You spent 98 gold pieces at shops.

Inventory:

Hand Weapons
 a - a +1 sling (weapon)
Armour
 v - a +0 pair of gloves (worn)
 w - a +0 cloak (worn)
Jewellery
 c - a ring of protection from cold (left hand)
 q - a ring of wizardry
 s - a ring of positive energy
 C - a +6 ring of dexterity (right hand)
Wands
 r - a wand of paralysis (8)
 y - a wand of light (7)
 D - a wand of flame (2)
Scrolls
 b - 4 scrolls of noise {unknown}
 d - a scroll of immolation {unknown}
 f - 6 scrolls of teleportation {unknown}
 h - 9 scrolls of identify {unknown}
 k - a scroll of fear {unknown}
 n - a scroll of vulnerability {unknown}
 o - 3 scrolls of revelation {unknown}
 p - a scroll of torment {unknown}
 t - a scroll of enchant armour {unknown}
 u - 2 scrolls of amnesia {unknown}
 x - 2 scrolls of summoning {unknown}
 B - a scroll of enchant weapon {unknown}
Potions
 e - 2 potions of brilliance
 i - 2 potions of lignification {unknown}
 j - a potion of enlightenment
 l - 2 potions of haste {unknown}
 m - 5 potions of heal wounds {unknown}
 z - a potion of mutation {unknown}
 A - a potion of might {unknown}


   Skills:
 - Level 2.0 Fighting
 + Level 6.5 Ranged Weapons
 - Level 2.0 Dodging
 + Level 5.7 Spellcasting
 + Level 6.8 Hexes
 - Level 4.0 Fire Magic


You had 3 spell levels left.
You knew the following spells:

 Your Spells              Type           Power      Damage    Failure   Level
a - Jinxbite              Hex            84%        N/A       1%          2
b - Sigil of Binding      Hex            42%        N/A       2%          3
c - Inner Flame           Hex/Fire       35%        N/A       4%          3
d - Cause Fear            Hex            21%        N/A       8%          4
e - Dimensional Bullseye  Hex/Tloc       12%        N/A       32%         4

Your spell library contained the following spells:

 Spells                   Type           Power      Damage    Failure   Level
 Vhi's Electric Charge    Tloc/Air       14%        N/A       78%         4
 Arcjolt                  Conj/Air       3%         1d13      98%         5
 Plasma Beam              Fire/Air       8%         2x1d19    100%        6


Dungeon Overview and Level Annotations

Branches:
Dungeon (8/15)             Temple (0/1) D:7
   Lair: D:8-11

Altars:
Dithmenos
Elyvilon
Fedhas
Makhleb

Shops:
D:5 *

Annotations:
D:4 3 runed translucent doors, meiscool's ghost, amateur HuBe
D:6 1 transporter, jagang's ghost, novice HuMo


Innate Abilities, Weirdness & Mutations

Your dull iron-grey scales are very hard. (AC +12)
You are amphibious.
You cannot fit into any form of body armour.
You are cold-blooded and may be slowed by cold attacks.


Message History

You are no longer poisoned.
The killer bee closely misses you. x2
Your magical contamination has completely faded away.
Unknown command.
Unknown command.
Unknown command.
Unknown command.
Aiming: Bolt of Light
Press: ? - help, Shift-Dir - straight line, f - killer bee
Aim: a killer bee (almost dead, blind, unable to see you, 43% to hit)
The bolt of light misses the killer bee.
The bolt of light hits the killer bee!
You kill the killer bee!
Unknown command.
Unknown command.
It was a potion of enlightenment.
You feel very buoyant.
You fly up into the air.
The killer bee stings you but does no damage. x2
You shoot a sling bullet. The sling bullet hits the killer bee.
The killer bee is severely wounded.
The killer bee closely misses you. x2
You shoot a sling bullet.
The sling bullet closely misses the killer bee.
The killer bee stings you but does no damage.
The killer bee barely misses you.
You shoot a sling bullet.
The sling bullet barely misses the killer bee.
The killer bee stings you.
* * * LOW HITPOINT WARNING * * *
You are lethally poisoned!
The killer bee poisons you!
The killer bee stings you but does no damage.
Aiming: Bolt of Light
Press: ? - help, Shift-Dir - straight line, f/p - killer bee
Aim: a killer bee (severely wounded, blind, unable to see you, 43% to hit)
The bolt of light misses the killer bee.
* * * LOW HITPOINT WARNING * * *
You feel sick. The killer bee barely misses you. The killer bee stings you.
You die...

#.###.######. . ###
###'###.# .# #.#
#....##.########.##.#
#.#####....##.##..........##
......'....'......[........+
#...###....##.##†####..##.##
....#####.###.##†# ..#
..............##y# ..#
............#.##@# ..#
#..######.#.#.##.# ..#
...... #.#.##.# ..# #..####
.. ... ... ..... #.. #..##
...# #..# .... ... .... ##.


You could see a killer bee (blind, unable to see you).

Vanquished Creatures
  2 ice beasts
  2 sky beasts
  An ogre (D:5)
  A black bear (D:7)
  2 centaurs
  2 phantoms (D:5)
  3 kobold brigands
  2 gnoll sergeants
  2 scorpions (D:5)
  3 wights (D:8)
  4 killer bees (D:8)
  A howler monkey (D:4)
  2 bombardier beetles
  4 hounds
  An orc priest (D:5)
  A jelly (D:6)
  5 iguanas
  2 sleepcaps
  An orc wizard (D:5)
  Robin (D:4)
  13 gnolls
  4 adders
  2 ufetubi (D:5)
  3 dart slugs
  17 orcs
  8 bats
  6 endoplasms
  2 giant cockroaches
  14 goblins
  7 hobgoblins
  A quokka (D:3)
  4 ball pythons
  5 frilled lizards
  21 kobolds
  2 rats
151 creatures vanquished.

Notes
Turn   | Place    | Note
-------+----------+-------------------------------------------
     0 | D:1      | chippings the Draconian Hexslinger began the quest for the
                  | Orb.
     0 | D:1      | Reached XP level 1. HP: 16/16 MP: 2/2
   367 | D:1      | Reached XP level 2. HP: 21/23 MP: 3/3
  1174 | D:2      | Reached XP level 3. HP: 25/29 MP: 4/4
  1437 | D:3      | Found a faded altar of an unknown god.
  1443 | D:3      | Learned a level 2 spell: Jinxbite
  1490 | D:3      | Reached XP level 4. HP: 29/36 MP: 5/5
  1736 | D:3      | Learned a level 3 spell: Sigil of Binding
  1909 | D:3      | Found a blossoming altar of Fedhas.
  2110 | D:4      | Noticed Robin
  2115 | D:3      | Reached XP level 5. HP: 41/41 MP: 4/7
  2395 | D:4      | Found a shadowy altar of Dithmenos.
  2395 | D:4      | Found a burning altar of Makhleb.
  2423 | D:4      | Noticed an ice beast
  2441 | D:4      | Killed an ice beast
  2442 | D:4      | Reached XP level 6. HP: 29/48 MP: 6/9
  2457 | D:4      | Killed Robin
  2521 | D:4      | Found a white marble altar of Elyvilon.
  2532 | D:4      | Learned a level 3 spell: Inner Flame
  2552 | D:4      | Found a runed translucent gate.
  2553 | D:4      | Found a runed translucent gate.
  2553 | D:4      | Noticed meiscool's ghost (amateur HuBe)
  2554 | D:4      | Found a runed translucent gate.
  2556 | D:4      | Identified the +0 chain mail of the Game of Kings {Harm
                  | rPois MP+9 Int-3}
  2556 | D:4      | Noticed an orc warrior
  3200 | D:5      | Entered Level 5 of the Dungeon
  3327 | D:5      | Your scales start taking on a dull iron-grey colour.
  3327 | D:5      | Reached XP level 7. HP: 34/55 MP: 3/11
  3526 | D:5      | Reached skill level 5 in Hexes
  3997 | D:5      | Reached XP level 8. HP: 61/61 MP: 10/13
  4058 | D:5      | Reached skill level 5 in Ranged Weapons
  4175 | D:5      | Found Pinai's Assorted Antiques.
  4183 | D:5      | Bought a glowing red potion for 19 gold pieces
  4183 | D:5      | Bought a clear potion for 19 gold pieces
  4183 | D:5      | Bought a lumpy emerald potion for 19 gold pieces
  4183 | D:5      | Bought a scroll labelled WOEMOSE PIOT for 22 gold pieces
  4183 | D:5      | Bought a pink potion for 19 gold pieces
  4258 | D:6      | Found a transporter.
  4259 | D:6      | Noticed jagang's ghost (novice HuMo)
  4261 | D:6      | Identified the +4 giant club "Camig" {antimagic, Int+2
                  | Dex+4 Stlth+}
  4913 | D:6      | Learned a level 4 spell: Cause Fear
  5587 | D:7      | Found a staircase to the Ecumenical Temple.
  5596 | D:7      | Reached skill level 5 in Spellcasting
  5722 | D:8      | Reached XP level 9. HP: 46/67 MP: 14/17
  5846 | D:8      | Learned a level 4 spell: Dimensional Bullseye
  6014 | D:8      | HP: 3/67 [killer bee (2)]
  6032 | D:8      | Slain by a killer bee

Illustrated notes

Levels and vault maps discovered:
D:1:      ldierk_walled_garden_2, layout_basic
D:2:      layout_basic, st_stairs_13
D:3:      layout_basic, fedhas_ov_isle_minmay, basic_ecumenical_altar,
          grunt_ministairs_2, minmay_fractal_squares_diagonal_5
D:4:      layout_loops_ring, lemuel_round_altar, nicolae_overflow_two_pavilions,
          biasface_ghost_orc_armoury, uniq_robin
D:5:      layout_gridville, serial_shops, shop
D:6:      layout_basic, gammafunk_ghost_smash, kennysheep_generic_room_3
D:7:      layout_rooms, minmay_temple_entry_water_ring, uniq_crazy_yiuf_cottage
D:8:      layout_basic

Skill      XL: |  1  2  3  4  5  6  7  8 |
---------------+-------------------------+-----
Ranged Weapons | 2 3 4 6 |  6.5
Dodging        | 2 |  2.0
Hexes          | 3 4 5 6 |  6.8
Fighting       | 2 |  2.0
Spellcasting   | 2 3 5 |  5.7
Fire Magic     | 2 3 4 |  4.0

Action                     |  1- 3 |  4- 6 |  7- 9 || total
---------------------------+-------+-------+-------++-------
   Fire: Sling             |   111 |   173 |   216 ||   500
   Cast: Jinxbite          |     1 |    15 |    26 ||    42
         Inner Flame       |       |     3 |    18 ||    21
         Sigil of Binding  |       |       |     2 ||     2
         Cause Fear        |       |       |     1 ||     1
  Evoke: Wand              |       |       |     5 ||     5
    Use: Scroll            |     1 |       |       ||     1
         Potion            |       |       |     5 ||     5
 Armour: Skin              |    18 |    55 |   165 ||   238
  Dodge: Dodged            |    32 |    55 |   155 ||   242
